 Dungeon Crawl Stone Soup version 0.22-a0-601-gb0ed703 (webtiles) character file.

44 yoda5477 the Skirmisher (level 3, -5/40 HPs)
             Began as an Ogre Abyssal Knight on July 6, 2018.
             Was a Believer of Lugonu.
             Slain by a centaur
             ... wielding a cursed -1 shortbow
              (8 damage)
             ... on level 2 of the Dungeon.
             The game lasted 00:09:10 (1724 turns).

yoda5477 the Skirmisher (Ogre Abyssal Knight)       Turns: 1724, Time: 00:09:10

Health: -5/40      AC:  3    Str: 17    XL:     3   Next: 62%
Magic:  4/4        EV: 10    Int: 13    God:    Lugonu [**....]
Gold:   77         SH:  0    Dex:  8    Spells: 2/2 levels left

rFire    . . .     SeeInvis .   a - +1 falchion
rCold    . . .     Gourm    .   (no shield)
rNeg     . . .     Faith    .   b - +0 robe
rPois    .         Spirit   .   (helmet restricted)
rElec    .         Reflect  .   (no cloak)
rCorr    .         Harm     .   (gloves unavailable)
MR       .....                  (boots unavailable)
Stlth    +.........             (no amulet)
HPRegen  0.13/turn              (no ring)
MPRegen  0.09/turn              (no ring)

@: no status effects
A: large, unfitting armour, tough skin 1
a: Depart the Abyss, Bend Space, Renounce Religion


You were on level 2 of the Dungeon.
You worshipped Lugonu.
Lugonu was pleased with you.
You were not hungry.

You visited 1 branch of the dungeon, and saw 2 of its levels.
You visited the Abyss 1 time.

You collected 77 gold pieces.

Inventory:

Hand Weapons
 a - a +1 falchion (weapon)
Missiles
 e - 85 stones (quivered)
Armour
 b - a +0 robe (worn)
Jewellery
 f - an uncursed ring of ice {unknown}
Scrolls
 d - 2 scrolls of remove curse {unknown}
 g - 2 scrolls of teleportation {unknown}
 h - a scroll of identify {unknown}
 j - a scroll of amnesia {unknown}
 k - a scroll of noise {unknown}
 n - a scroll of fog {unknown}
Potions
 i - a potion of cancellation {unknown}
 m - a potion of invisibility {unknown}
Comestibles
 c - 2 rations


   Skills:
 + Level 4.3 Fighting
 + Level 2.9 Long Blades
 * Level 2.4 Dodging
 + Level 0.1 Stealth
 * Level 2.1 Invocations


You had 2 spell levels left.
You didn't know any spells.
Your spell library was empty.

Dungeon Overview and Level Annotations

Branches:
Dungeon (2/15)

Altars:
Dithmenos
Fedhas


Innate Abilities, Weirdness & Mutations

You are too large for most types of armour.
You have tough skin. (AC +1)


Message History

The centaur closely misses you.
You hit the centaur.
The centaur is almost dead.
The centaur hits you with an enchanted shortbow.
* * * LOW HITPOINT WARNING * * *
The centaur closely misses you.
You riposte.
You barely miss the centaur.
The centaur is almost dead.
You hit the centaur but do no damage.
The centaur is almost dead.
The centaur barely misses you.
You hit the centaur.
The centaur is almost dead.
The centaur completely misses you.
The centaur hits you but does no damage.
You barely miss the centaur.
The centaur is almost dead.
The centaur hits you with an enchanted shortbow.
* * * LOW HITPOINT WARNING * * *
The centaur hits you with an enchanted shortbow!
You die...

#....# #....# ###
#...(###########..
#................#
#....#########....
#....# #.### #....#
##.# #<...# #..###
#@#### ####.##.. ##c#
###....#..# #(.#
#...###....
#....#######.### #.##.
##...##......#####.##.
##...#.#####......##.
..#. .#........####
#.# .##....#.....# #
#. g###.#...#...####


You could see a centaur.

Vanquished Creatures
  A worm (D:2)
  A dart slug (D:1)
  2 leopard geckos (D:1)
  A ball python (D:2)
  A giant cockroach (D:2)
  5 hobgoblins
  8 kobolds (D:1)
  7 bats
  2 frilled lizards (D:2)
  6 goblins
  4 rats (D:1)
38 creatures vanquished.

Notes
Turn   | Place    | Note
-------+----------+-------------------------------------------
     0 | Abyss:1  | yoda5477 the Ogre Abyssal Knight began the quest for the Orb.
     0 | Abyss:1  | Reached XP level 1. HP: 24/24 MP: 2/2
     5 | D:1      | Escaped the Abyss
   108 | D:1      | HP: 1/24 [leopard gecko (2)]
   110 | D:1      | Reached XP level 2. HP: 1/32 MP: 3/3
   702 | D:1      | Reached ** piety under Lugonu
   853 | D:1      | Reached XP level 3. HP: 39/39 MP: 4/4
  1414 | D:2      | Found a blossoming altar of Fedhas.
  1568 | D:2      | Found a shadowy altar of Dithmenos.
  1705 | D:2      | Noticed a centaur
  1724 | D:2      | Slain by a centaur

Vault maps used:
D:1:      eino_arrival_water_star
D:2:      lemuel_round_altar, lemuel_doored_altar, first_ration

Skill      XL: |  1 |
---------------+----+-----
Long Blades    | 2 |  2.9
Fighting       | |  4.3
Dodging        | |  2.4
Stealth        | |  0.1
Invocations    | |  2.1

Action                   || total
-------------------------++-------
Melee: Falchion          ||   108
  Eat: Chunk             ||     3
Armor: Robe              ||    28
Dodge: Dodged            ||    63
       Rpst.: Falchion   ||    26

Table legend:
 A = Spawn XP
 B = Non-spawn XP
 C = Spawn XP percentage of total XP
 D = Spawn monster count
 E = Non-spawn monster count
 F = Spawn count percentage of total count
 G = Total turns spent on level
                    A         B        C        D         E        F      G
               +---------+---------+-------+---------+---------+-------+---------
         Total |       0 |      64 |   0.0 |       0 |      38 |   0.0 |  1724
               +---------+---------+-------+---------+---------+-------+---------
           D:1 |       0 |      43 |   0.0 |       0 |      27 |   0.0 |  1200
           D:2 |       0 |      21 |   0.0 |       0 |      11 |   0.0 |   519
               +---------+---------+-------+---------+---------+-------+---------
